 Dungeon Crawl Stone Soup version 0.29.1-debian-1-gc3f1650bb9 (webtiles) character file.

Game seed: 13916602857786334839

28 ytrimaz the Trooper (level 3, 29/29 HPs)
             Began as a Demonspawn Gladiator on Sept 12, 2022.
             Quit the game on level 1 of the Dungeon.
             The game lasted 00:00:44 (873 turns).

ytrimaz the Trooper (Demonspawn Gladiator)           Turns: 873, Time: 00:00:44

Health: 29/29      AC:  6    Str: 16    XL:     3   Next: 0%
Magic:  3/3        EV: 12    Int:  9    God:
Gold:   69         SH:  0    Dex: 14    Spells: 2/2 levels left

rFire   . . .      SeeInvis .   a - +0 war axe
rCold   . . .      Faith    .   (no shield)
rNeg    . . .      Spirit   .   b - +0 leather armour
rPois   .          Reflect  .   c - +0 helmet
rElec   .          Harm     .   (no cloak)
rCorr   .          Rampage  .   (no gloves)
Will    .....                   (no boots)
Stlth   +.........              (no amulet)
HPRegen 0.09/turn               (no ring)
MPRegen 0.08/turn               (no ring)

@: no status effects
A: molten scales 1, demonic touch 1
a: no special abilities


You were on level 1 of the Dungeon.
You visited 1 branch of the dungeon, and saw 1 of its levels.

You collected 69 gold pieces.


Innate Abilities, Weirdness & Mutations

You are partially covered in molten scales. (AC +2)
Your touch may inflict minor irresistible damage on your foes.


   Skills:
 * Level 3.1 Fighting
 + Level 3.1 Axes
 - Level 1.7 Throwing
 - Level 2.6 Dodging


You had 2 spell levels left.
You didn't know any spells.
Your spell library was empty.

Inventory:

Hand Weapons
 a - a +0 war axe (weapon)
Missiles
 d - 3 throwing nets (quivered)
 e - a javelin
Armour
 b - a +0 leather armour (worn)
 c - a +0 helmet (worn)
Scrolls
 g - a scroll of enchant weapon {unknown}
 h - a scroll of amnesia {unknown}
 j - 2 scrolls of identify {unknown}
 k - a scroll of teleportation {unknown}
Potions
 f - 2 potions of curing {unknown}
 i - 2 potions of lignification {unknown}

Dungeon Overview and Level Annotations

Branches:
Dungeon (1/15) Zot: 5109

Altars:

#.# ###...###.. #.#
########.....# #.. ##.#
#............# #.. #..#
#.######.#...# ##. #..#
#.###........## #.
#..###.............# ##
#..##...♣♣♣♣♣♣♣♣♣..# #
#.....#.♣PP..PP..♣.####
#.###.@.♣PP..P...♣.....
#.# ##..♣..PP...P♣.#.##
#.# #..♣..P...PP♣.#.#
#.# #..♣PP.<.P..♣...#
##.## #..♣P...PP..♣.###
#...###).♣...P..PP♣.#
#.#..###.♣..PP..PP♣.#
#....#....♣♣♣♣♣♣♣♣♣.#
####.#.#.. .........#


There were no monsters in sight!


Message History

You see here 5 stones.
Key pressed, stopping explore.
You see here a +0 scale mail.
Key pressed, stopping explore.
No target in view! 😎 HP[+3]
Your hp is fully restored (23).
A dart slug comes into view.
The dart slug launches a dart at you. The slug dart misses you.
A dart slug is nearby!
A dart slug is nearby!
The dart slug closely misses you.
You slash the dart slug!
The dart slug briefly extends its eye-stalks.
The dart slug launches a dart at you.
The slug dart hits you but does no damage.
You slash the dart slug!
You kill the dart slug!
Your Fighting skill increases to level 3! 😎 HP[+1]
You now have 24 max hp (+1).
Your hp is fully restored (24).
No target in view!
Key pressed, stopping explore.
No target in view!
There is an escape hatch in the floor here.
You see here 5 poisoned darts.
Key pressed, stopping explore.
A bat comes into view.
A bat is nearby!
The bat closely misses you.
A bat is nearby!
The bat completely misses you. The bat barely misses you.
A bat is nearby!
You barely miss the bat. You punch the bat. The bat closely misses you.
The bat completely misses you.
You barely miss the bat. The bat hits you but does no damage.
The bat closely misses you. The bat hits you but does no damage.
A bat is nearby!
You hit the bat but do no damage. The bat hits you but does no damage.
The bat barely misses you. x2; The bat closely misses you.
You hit the bat. The bat hits you but does no damage.
The bat hits you but does no damage.
You hit the bat.
You kill the bat!
No target in view!
You see here a bat corpse.
No target in view!
You see here 3 stones.
Key pressed, stopping explore.
No target in view!
Key pressed, stopping explore.
Key pressed, stopping explore.
No target in view!
Key pressed, stopping explore.
No target in view!
Found a stone staircase leading down.
No target in view!
There is a stone staircase leading down here.
k - a scroll labelled NATHRA QYAPOMI No target in view!
There is a stone staircase leading down here.
A hobgoblin comes into view.
A hobgoblin is nearby!
A hobgoblin is nearby!
A hobgoblin is nearby!
You barely miss the hobgoblin. The hobgoblin hits you.
The hobgoblin misses you. 😕 HP[-2]
You take 2 damage, and now have 22/24 hp.
You closely miss the hobgoblin. The hobgoblin barely misses you.
You closely miss the hobgoblin. The hobgoblin misses you.
The hobgoblin hits you. 😕 HP[-1]
You take 1 damage, and now have 21/24 hp.
You slash the hobgoblin!
You kill the hobgoblin!
No target in view!
Unknown command.
No target in view!
An endoplasm comes into view. 😎 HP[+3]
Your hp is fully restored (24).
An endoplasm is nearby!
An endoplasm is nearby!
An endoplasm is nearby!
The endoplasm quivers.
You hit the endoplasm.
You kill the endoplasm!
You have reached level 3!
Your experience leads to an increase in your attributes!
Increase (S)trength, (I)ntelligence, or (D)exterity?
You feel stronger. x2; Your demonic ancestry asserts itself...
Your hands begin to faintly glow with unholy energy. 😎 HP[+5] MP[+1]
You now have 29 max hp (+5).
Your hp is fully restored (29).
Your mp is fully restored (3).
Key pressed, stopping explore.
Key pressed, stopping explore.
Are you sure you want to abandon this character and quit the game? (Confirm with "yes".)

Skill      XL: |  1  2 |
---------------+-------+-----
Axes           | 3 |  3.1
Fighting       | 3 |  3.1
Throwing       | |  1.7
Dodging        | |  2.6

Action                   || total
-------------------------++-------
Melee: War axe           ||    51
       Punch             ||     1
Armor: Leather armour    ||    19
Dodge: Dodged            ||    40

Levels and vault maps discovered:
D:1:      scummos_arrival_checkerplants, layout_loops_ring,
          nicolae_figureground_pulse

Notes
Turn   | Place    | Note
-------+----------+-------------------------------------------
     0 | D:1      | ytrimaz the Demonspawn Gladiator began the quest for the
                  | Orb.
     0 | D:1      | Reached XP level 1. HP: 16/16 MP: 1/1
     0 | D:1      | magus.rc [v1.9.6]
   211 | D:1      | Gained mutation: You are partially covered in molten
                  | scales. (AC +2) [demonic ancestry]
   211 | D:1      | Reached XP level 2. HP: 21/23 MP: 2/2
   382 | D:1      | Reached skill level 3 in Axes
   613 | D:1      | Reached skill level 3 in Fighting
   824 | D:1      | Gained mutation: Your touch may inflict minor irresistible
                  | damage on your foes. [demonic ancestry]
   824 | D:1      | Reached XP level 3. HP: 29/29 MP: 3/3
   873 | D:1      | Quit the game

Vanquished Creatures
  2 dart slugs (D:1)
  A ball python (D:1)
  6 bats (D:1)
  An endoplasm (D:1)
  A goblin (D:1)
  4 hobgoblins (D:1)
  2 jackals (D:1)
  2 quokkas (D:1)
  2 rats (D:1)
21 creatures vanquished.

Table legend:
 A = Non-vault XP
 B = Vault XP
 C = Vault XP percentage of total XP
 D = Non-vault monster count
 E = Vault monster count
 F = Vault count percentage of total count
                 A         B        C        D         E       F
            +---------+---------+-------+---------+---------+-------
      Total |      41 |       0 |   0.0 |      21 |       0 |   0.0
            +---------+---------+-------+---------+---------+-------
        D:1 |      41 |       0 |   0.0 |      21 |       0 |   0.0
            +---------+---------+-------+---------+---------+-------

Illustrated notes

Table legend:
 A = Kills in this place as a percentage of kills in entire the game.
 B = Kills by you in this place as a percentage of kills by you in the entire game.
 C = Kills by friends in this place as a percentage of kills by friends in the entire game.
 D = Other kills in this place as a percentage of other kills in the entire game.
 E = Experience gained in this place as a percentage of experience gained in the entire game.
 F = Experience gained in this place divided by the number of levels of this place that you have seen.
                   A       B       C       D       E      F
               +-------+-------+-------+-------+-------+----------------------
         Total | 100.0 | 100.0 |   N/A |   N/A | 100.0 |  41.0
       Dungeon | 100.0 | 100.0 |   N/A |   N/A | 100.0 |  41.0
               +-------+-------+-------+-------+-------+----------------------

Table legend: (Time is in decaauts)
 A = Elapsed time spent in this place.
 B = Non-inter-level travel time spent in this place.
 C = Inter-level travel time spent in this place.
 D = Time resting spent in this place.
 E = Time spent auto-exploring this place.
 F = Levels seen in this place.
 G = Mean time per level.
                   A        B        C        D        E       F      G
               +--------+--------+--------+--------+--------+-----+--------+
         Total |    890 |    890 |      0 |      0 |    736 |   1 |  890.0 |
       Dungeon |    890 |    890 |      0 |      0 |    736 |   1 |  890.0 |
               +--------+--------+--------+--------+--------+-----+--------+

Top non-repeatable levels by time:
     D:1: 890 daAuts
